 Dungeon Crawl Stone Soup version 0.29-a0-214-g17f627cfee (webtiles) character file.

Game seed: 15163031271222653464

6 spaghetti the Sneak (level 1, -2/18 HPs)
             Began as a Demonspawn Delver on Feb 24, 2022.
             Slain by a bullfrog skeleton (4 damage)
             ... on level 4 of the Dungeon.
             The game lasted 00:00:33 (255 turns).

spaghetti the Sneak (Demonspawn Delver)              Turns: 255, Time: 00:00:34

Health: -2/18      AC:  3    Str: 12    XL:     1   Next: 75%
Magic:  1/1        EV: 11    Int: 11    God:
Gold:   0          SH:  0    Dex: 14    Spells: 0/0 levels left

rFire   . . .      SeeInvis .   a - +0 short sword {short}
rCold   . . .      Faith    .   (no shield)
rNeg    . . .      Spirit   .   b - +0 leather armour
rPois   .          Reflect  .   (no helmet)
rElec   .          Harm     .   (no cloak)
rCorr   .          Rampage  .   (no gloves)
Will    .....                   (no boots)
Stlth   +++.......              (no amulet)
HPRegen 0.06/turn               (no ring)
MPRegen 0.07/turn               (no ring)

@: attractive
A: no striking features
a: no special abilities


You were on level 4 of the Dungeon.
You visited 1 branch of the dungeon, and saw 3 of its levels.


   Skills:
 - Level 3.0 Fighting
 - Level 1.7 Short Blades
 - Level 1.7 Dodging
 + Level 4.8 Stealth


You couldn't memorise any spells.
You didn't know any spells.
Your spell library contained the following spells:

 Spells                   Type           Power      Damage    Failure   Level
 Shock                    Conj/Air       0%         1d3       41%         1
 Swiftness                Air            0%         N/A       80%         3
 Airstrike                Air            0%         N/A       99%         4

Inventory:

Hand Weapons
 a - a +0 short sword (weapon) {short}
Armour
 b - a +0 leather armour (worn)
Wands
 g - a wand of digging (3)
Scrolls
 c - a scroll of fog
 d - a scroll of magic mapping {!r}
Potions
 f - a potion of haste {@q3}
 h - a potion of degeneration {!q@e2}

Dungeon Overview and Level Annotations

Branches:
Dungeon (6/15)
 Temple: D:4-7

Altars:

############
..........# #
#.####....ยง.. ...
#.......##S##.....
#.....@Z......
#.#.##.##..##. #
#.##.##..#
#.#......
#.#..##.# #.โ€
)..#.# #.......#
#.....### #..[..#
#


You could see an adder (fleeing) and a bullfrog skeleton.


Message History

You hit the giant cockroach but do no damage.
The giant cockroach bites you. ๐Ÿ˜• HP[-2]
You take 2 damage, and now have 14/18 hp.
You hit the giant cockroach.
The giant cockroach bites you but does no damage. ๐Ÿ˜• HP[+1]
You barely miss the giant cockroach. The giant cockroach barely misses you.
The giant cockroach bites you but does no damage.
You barely miss the giant cockroach.
The giant cockroach bites you but does no damage.
You barely miss the giant cockroach.
The giant cockroach bites you. ๐Ÿ˜• HP[-1]
You take 1 damage, and now have 14/18 hp.
You hit the giant cockroach but do no damage.
The giant cockroach closely misses you.
You barely miss the giant cockroach. The giant cockroach closely misses you.
The kobold hits you with a +0 dagger. ๐Ÿ˜ฎ HP[-1]
You take 1 damage, and now have 13/18 hp.
You are too injured to fight recklessly!
You hit the giant cockroach.
You kill the giant cockroach!
The kobold hits you with a +0 dagger. ๐Ÿ˜ฎ HP[-2]
You take 2 damage, and now have 11/18 hp.
The kobold barely misses you.
You see here a giant cockroach corpse.
You closely miss the kobold. The kobold closely misses you.
You completely miss the kobold. The kobold barely misses you.
You hit the kobold.
You kill the kobold!
You see here a +0 dagger {short}.
You pick up a book of Air and begin reading...
You add the spells Shock, Swiftness and Airstrike to your library.
You can't go down here!
Things that are here:
a +0 scale mail; a jackal corpse; ๐Ÿ˜Ž HP[+7]
Your hp is fully restored (18).
A bullfrog skeleton comes into view.
An adder comes into view.
The adder hisses angrily.
The bullfrog skeleton hits you. ๐Ÿ˜• HP[-1]
You take 1 damage, and now have 17/18 hp.
You barely miss the bullfrog skeleton.
The bullfrog skeleton closely misses you.
The adder closely misses you.
You barely miss the adder.
The bullfrog skeleton closely misses you.
The adder closely misses you.
You barely miss the adder.
The bullfrog skeleton closely misses you.
The adder bites you.
The bullfrog skeleton closely misses you. ๐Ÿ˜• HP[-3]
You take 3 damage, and now have 14/18 hp.
You closely miss the adder. The adder misses you.
The bullfrog skeleton hits you. The adder bites you. ๐Ÿ˜ฎ HP[-2]
You take 2 damage, and now have 12/18 hp.
You are too injured to fight recklessly!
You are too injured to fight recklessly!
You are too injured to fight recklessly!
You are too injured to fight recklessly!
You are too injured to fight recklessly!
You are too injured to fight recklessly!
You are too injured to fight recklessly!
You are too injured to fight recklessly!
You are too injured to fight recklessly!
You are too injured to fight recklessly!
You are too injured to fight recklessly!
You are too injured to fight recklessly!
You are too injured to fight recklessly!
You completely miss the bullfrog skeleton.
The bullfrog skeleton hits you.
* * * LOW HITPOINT WARNING * * *
The adder barely misses you. ๐Ÿ˜จ HP[-6]
You take 6 damage, and now have 6/18 hp.
MASSIVE DAMAGE!! (PAUSE) It was a potion of attraction.
You feel attractive to monsters. The bullfrog skeleton hits you.
* * * LOW HITPOINT WARNING * * *
The adder bites you but does no damage.
The bullfrog skeleton misses you. ๐Ÿ˜ฑ HP[-4]
You take 4 damage, and now have 2/18 hp.
MASSIVE DAMAGE!! (PAUSE)
You miss the adder. The adder barely misses you.
The bullfrog skeleton closely misses you.
The adder barely misses you.
As you read the scroll of fear, it crumbles to dust.
You assume a fearsome visage.
The bullfrog skeleton is unaffected.
The adder looks frightened!
The bullfrog skeleton hits you but does no damage.
The adder is attracted toward you.
You barely miss the bullfrog skeleton. The bullfrog skeleton hits you.
You die...

Action                   || total
-------------------------++-------
Melee: Short sword       ||    23
  Use: Scroll            ||     2
       Potion            ||     1
 Stab: Sleeping          ||     2
Armor: Leather armour    ||     5
Dodge: Dodged            ||    21

Levels and vault maps discovered:
D:4:      layout_loops_ring, marbit_many_paths, cheibriados_altar_1,
          pf_guarded_unrand_meek
D:5:      layout_basic, gammafunk_temple_overflow_claw
D:6:      layout_loops_ring, minmay_temple_entry_glassed_door

Notes
Turn   | Place    | Note
-------+----------+-------------------------------------------
     0 | D:5      | spaghetti the Demonspawn Delver began the quest for the
                  | Orb.
     0 | D:5      | Reached XP level 1. HP: 18/18 MP: 1/1
     0 | D:5      | magus.rc [v1.9.6]
    10 | D:6      | Noticed an iguana
    73 | D:5      | Noticed a hound
   131 | D:4      | You pick up a book of Air and begin reading...
   131 | D:4      | You add the spells Shock, Swiftness and Airstrike to your
                  | library.
   252 | D:4      | HP: 2/18 [bullfrog skeleton (4)]
   255 | D:4      | Slain by a bullfrog skeleton

Vanquished Creatures
  A giant cockroach (D:4)
  A hobgoblin (D:4)
  2 jackals (D:4)
  A kobold (D:4)
5 creatures vanquished.

Table legend:
 A = Non-vault XP
 B = Vault XP
 C = Vault XP percentage of total XP
 D = Non-vault monster count
 E = Vault monster count
 F = Vault count percentage of total count
                 A         B        C        D         E       F
            +---------+---------+-------+---------+---------+-------
      Total |       9 |       0 |   0.0 |       5 |       0 |   0.0
            +---------+---------+-------+---------+---------+-------
        D:4 |       9 |       0 |   0.0 |       5 |       0 |   0.0
            +---------+---------+-------+---------+---------+-------

Illustrated notes

Table legend:
 A = Kills in this place as a percentage of kills in entire the game.
 B = Kills by you in this place as a percentage of kills by you in the entire game.
 C = Kills by friends in this place as a percentage of kills by friends in the entire game.
 D = Other kills in this place as a percentage of other kills in the entire game.
 E = Experience gained in this place as a percentage of experience gained in the entire game.
 F = Experience gained in this place divided by the number of levels of this place that you have seen.
                   A       B       C       D       E      F
               +-------+-------+-------+-------+-------+----------------------
         Total | 100.0 | 100.0 |   N/A |   N/A | 100.0 |   3.0
       Dungeon | 100.0 | 100.0 |   N/A |   N/A | 100.0 |   3.0
               +-------+-------+-------+-------+-------+----------------------

Table legend: (Time is in decaauts)
 A = Elapsed time spent in this place.
 B = Non-inter-level travel time spent in this place.
 C = Inter-level travel time spent in this place.
 D = Time resting spent in this place.
 E = Time spent auto-exploring this place.
 F = Levels seen in this place.
 G = Mean time per level.
                   A        B        C        D        E       F      G
               +--------+--------+--------+--------+--------+-----+--------+
         Total |    255 |    254 |      1 |      0 |    182 |   3 |   85.0 |
       Dungeon |    255 |    254 |      1 |      0 |    182 |   3 |   85.0 |
               +--------+--------+--------+--------+--------+-----+--------+

Top non-repeatable levels by time:
     D:4: 176 daAuts
     D:5: 57 daAuts
     D:6: 20 daAuts
